 Dungeon Crawl Stone Soup version 0.20-a0-303-g575bbf7 (webtiles) character file.

74 Jivvin the Grave Robber (level 4, 28/30 HPs)
             Began as a Demonspawn Necromancer on Dec 16, 2016.
             Quit the game on level 3 of the Dungeon.
             The game lasted 00:02:31 (2576 turns).

Jivvin the Grave Robber (Demonspawn Necromancer)    Turns: 2576, Time: 00:02:32

Health: 28/30      AC:  3    Str:  9    XL:     4   Next: 10%
Magic:  9/10       EV: 11    Int: 17    God:
Gold:   112        SH:  0    Dex: 13    Spells: 4/11 levels left

rFire  . . .     SeeInvis .     f - -2 short sword (curse)
rCold  + . .     Gourm    .     e - +0 leather armour
rNeg   . . .     Faith    .     (no shield)
rPois  +         Spirit   .     (no helmet)
rElec  .         Reflect  .     (no cloak)
rCorr  .         Harm     .     (no gloves)
MR     .....                    (no boots)
Stlth  ++........               (no amulet)
                                (no ring)
                                k - ring of poison resistance

@: no status effects
A: talons 1, cold resistance 1, freezing cloud immunity
a: no special abilities


You were on level 3 of the Dungeon.
You were not hungry.

You visited 1 branch of the dungeon, and saw 3 of its levels.

You collected 112 gold pieces.

Inventory:

Hand Weapons
 f - a cursed -2 short sword (weapon)
 h - a +1 vampiric hand axe
 m - a +0 whip
Armour
 a - a +2 ring mail of fire resistance
 e - a +0 leather armour (worn)
 g - a +0 pair of boots
Jewellery
 k - a ring of poison resistance (left hand)
Scrolls
 n - 4 scrolls of identify {unknown}
Potions
 i - a potion of might {unknown}
 j - a potion of agility {unknown}
Books
 b - a book of Necromancy

   Spells                             Type                      Level
   a - Pain                           Necromancy                   1
   b - Animate Skeleton               Necromancy                   1
   c - Vampiric Draining              Necromancy                   3
   d - Regeneration                   Charms/Necromancy            3
   e - Animate Dead                   Necromancy                   4
   f - Control Undead                 Necromancy                   4
Comestibles
 c - 3 bread rations
 d - a meat ration
 l - a royal jelly


   Skills:
 - Level 1.7 Dodging
 - Level 1.7 Stealth
 + Level 4.1 Spellcasting
 - Level 4.3 Necromancy


You had 4 spell levels left.
You knew the following spells:

 Your Spells              Type           Power        Failure   Level  Hunger
a - Pain                  Necr           ###.         4%          1    None
b - Vampiric Draining     Necr           ###.......   14%         3    ###....
c - Regeneration          Chrm/Necr      ##........   30%         3    ###....


Dungeon Overview and Level Annotations

Branches:
Dungeon (3/15)

Altars:


Innate Abilities, Weirdness & Mutations

You have sharp toenails.
Your flesh is cold resistant. (rC+)
You are immune to freezing clouds.


Message History

You kill the dart slug!
No target in view!
No target in view!
No target in view!
No target in view!
No target in view!
No target in view!
No target in view!
No target in view!
No target in view!
No target in view!
No target in view!
No target in view!
No target in view!
No target in view!
You see here a dart slug corpse.
A rat comes into view.
A rat is nearby!
A rat is nearby!
Are you sure you want to abandon this character and quit the game? (Confirm with "yes".)

#..#.... .... #.. #####
#### # .... .. .... ...
.... r... ##### .....
#...#
......##############...#
.?.....@.........†......
#####.##############...#
# #...# #####


You could see a rat (wandering).

Vanquished Creatures
  2 adders
  An ooze (D:1)
  A dart slug (D:3)
  A leopard gecko (D:1)
  An orc (D:3)
  2 giant cockroaches
  6 goblins
  3 hobgoblins
  3 jackals
  2 quokkas (D:2)
  6 bats
  4 frilled lizards
  7 kobolds (D:1)
  11 rats
50 creatures vanquished.

Notes
Turn   | Place    | Note
-------+----------+-------------------------------------------
     0 | D:1      | Jivvin the Demonspawn Necromancer began the quest for the Orb.
     0 | D:1      | Reached XP level 1. HP: 13/13 MP: 3/3
   394 | D:1      | Gained mutation: You have sharp toenails. [demonic ancestry]
   394 | D:1      | Reached XP level 2. HP: 18/19 MP: 3/5
  1217 | D:2      | Gained mutation: Your flesh is cold resistant. (rC+) [demonic ancestry]
  1217 | D:2      | Reached XP level 3. HP: 22/24 MP: 3/7
  1660 | D:2      | Learned a level 3 spell: Vampiric Draining
  1664 | D:2      | Learned a level 3 spell: Regeneration
  2513 | D:3      | Gained mutation: You are immune to freezing clouds. [demonic ancestry]
  2513 | D:3      | Reached XP level 4. HP: 29/30 MP: 7/10
  2576 | D:3      | Quit the game

Vault maps used:
D:1:      dpeg_arrival_rooms_c
D:2:      first_bread
D:3:      minmay_misc_feat_chi

Skill      XL: |  1  2  3 |
---------------+----------+-----
Spellcasting   | 3 4 |  4.1
Dodging        | |  1.7
Stealth        | |  1.7
Necromancy     | |  4.3

Action                   |  1- 3 |  4- 6 || total
-------------------------+-------+-------++-------
Melee: Unarmed           |     4 |       ||     4
       Short sword       |    18 |     1 ||    19
       Kick              |     1 |       ||     1
 Cast: Pain              |    71 |     5 ||    76
  Use: Scroll            |     2 |       ||     2
  Eat: Chunk             |     2 |       ||     2
       Meat ration       |     1 |       ||     1
Armor: Leather armour    |    13 |       ||    13
Dodge: Dodged            |    35 |     2 ||    37
